 Dungeon Crawl Stone Soup version 0.25.1-2-g60ff931df9 (webtiles) character file.

Game seed: 11035184668318632251

58 galacticnek0 the Conjurer (level 3, -8/26 HPs)
             Began as a Draconian Conjurer on Oct 7, 2020.
             Was an Initiate of Elyvilon.
             Mangled by a worm (10 damage)
             ... on level 2 of the Dungeon.
             The game lasted 00:11:44 (1524 turns).

galacticnek0 the Conjurer (Draconian Conjurer)      Turns: 1524, Time: 00:11:45

Health: -8/26      AC:  5    Str: 10    XL:     3   Next: 76%
Magic:  1/6        EV: 12    Int: 16    God:    Elyvilon [......]
Gold:   67         SH:  0    Dex: 11    Spells: 3/6 levels left

rFire    . . .     SeeInvis .   p - +0 rapier
rCold    . . .     Gourm    .   (no shield)
rNeg     . . .     Faith    .   (armour unavailable)
rPois    .         Spirit   .   (helmet restricted)
rElec    .         Reflect  .   (no cloak)
rCorr    .         Harm     .   (no gloves)
MR       .....                  (no boots)
Stlth    ++........             (no amulet)
HPRegen  0.08/turn              (no ring)
MPRegen  0.10/turn              (no ring)

@: mighty
A: unfitting armour, cold-blooded, AC +5
a: Renounce Religion


You were on level 2 of the Dungeon.
You worshipped Elyvilon.
Elyvilon was noncommittal.
You were not hungry.

You visited 1 branch of the dungeon, and saw 2 of its levels.

You collected 67 gold pieces.

Inventory:

Hand Weapons
 c - a +0 dagger
 f - a +1 short sword of protection
 p - a +0 rapier (weapon)
Missiles
 a - 35 bolts
 h - 107 stones (quivered)
 j - 15 poisoned darts
Wands
 m - a wand of iceblast (5)
Scrolls
 g - a scroll of fog {unknown}
 i - a scroll of teleportation
 k - a scroll of enchant armour
 n - a scroll of fear {unknown}
 o - a scroll of identify
Potions
 d - a potion of brilliance
Comestibles
 b - a ration
 l - 5 chunks of flesh


   Skills:
 + Level 0.2 Short Blades
 + Level 1.9 Dodging
 + Level 2.1 Stealth
 + Level 2.3 Spellcasting
 + Level 5.0 Conjurations


You had 3 spell levels left.
You knew the following spells:

 Your Spells              Type           Power        Failure   Level  Hunger
a - Magic Dart            Conj           ###.         2%          1    #......
b - Searing Ray           Conj           ###...       3%          2    ###....

Your spell library contained the following spells:

 Spells                   Type           Power        Failure   Level  Hunger
 Dazzling Flash           Conj/Hex       #.....       22%         3    ###....
 Fulminant Prism          Conj/Hex       #.........   56%         4    #####..
 Iskenderun's Mystic Bla  Conj/Tloc      #.......     56%         4    #####..


Dungeon Overview and Level Annotations

Branches:
Dungeon (2/15)

Altars:
Cheibriados
Elyvilon
Hepliaklqana
Ru


Innate Abilities, Weirdness & Mutations

Your plain brown scales are hard. (AC +5)
You cannot fit into any form of body armour.
You are cold-blooded and may be slowed by cold attacks.


Message History

Confirm with . or Enter, or press ? or * to list all spells.
Aiming: Magic Dart (safe; 2% risk of failure)
Press: ? - help, Shift-Dir - straight line, f/p - worm
Aim: a worm (lightly wounded)
The magic dart hits the worm.
The worm is moderately wounded.
You hit the worm.
The worm is heavily wounded.
The worm closely misses you.
You barely miss the worm.
The worm is moderately wounded.
You hit the worm.
The worm is heavily wounded.
The worm bites you.
* * * LOW HITPOINT WARNING * * *
Okay, then.
Okay, then.
You feel very mighty all of a sudden. The worm bites you!
You die...

# ..... # ...(. ..# ...#
# ...... #+##.. ...# #
...... #.##.# ....# #
......##.##.# .... #
.......#.##.####... #
.......#....#...# #
#w@.......# #
###.[.....## #
##_#######..# # #...#
#..# # ####'####
#..###+#+###
##.#...#.#####.....#....
#_.'.⌠.'._##.#.....#....
##.#...#.##..#...#####..
####'####...#...._#....


You could see a worm.

Vanquished Creatures
  An adder (D:2)
  An ooze (D:1)
  A worm (D:2)
  A dart slug (D:1)
  2 ball pythons (D:1)
  5 bats
  A giant cockroach (D:1)
  5 hobgoblins
  4 jackals (D:2)
  4 frilled lizards (D:1)
  3 goblins
  7 kobolds
  3 rats
38 creatures vanquished.

Notes
Turn   | Place    | Note
-------+----------+-------------------------------------------
     0 | D:1      | galacticnek0 the Draconian Conjurer began the quest for the
                  | Orb.
     0 | D:1      | Reached XP level 1. HP: 14/14 MP: 3/3
   144 | D:1      | Reached XP level 2. HP: 20/20 MP: 0/5
   200 | D:1      | Learned a level 2 spell: Searing Ray
   898 | D:2      | Reached XP level 3. HP: 26/26 MP: 2/6
  1297 | D:2      | Found a sacrificial altar of Ru.
  1301 | D:2      | Reached skill level 5 in Conjurations
  1358 | D:2      | Became a worshipper of Ru the Awakened
  1445 | D:2      | Found a hazy altar of Hepliaklqana.
  1453 | D:2      | Found a white marble altar of Elyvilon.
  1456 | D:2      | Found a snail-covered altar of Cheibriados.
  1467 | D:2      | Fell from the grace of Ru
  1467 | D:2      | Became a worshipper of Elyvilon the Healer
  1524 | D:2      | Mangled by a worm

Illustrated notes

Levels and vault maps discovered:
D:1:      sevenhm_arrival_forest_fort_small_6, layout_basic
D:2:      layout_basic, hangedman_ru_absence, grunt_temple_overflow_diamond,
          minmay_misc_feat_room, uniq_crazy_yiuf_cottage

Skill      XL: |  1  2  3 |
---------------+----------+-----
Stealth        | 2 |  2.1
Conjurations   | 5 |  5.0
Short Blades   | |  0.2
Dodging        | |  1.9
Spellcasting   | |  2.3

Action                   || total
-------------------------++-------
Melee: Unarmed           ||     8
       Dagger            ||    10
       Tailslap          ||     3
       Short sword       ||     6
       Rapier            ||     5
 Cast: Magic Dart        ||    21
       Searing Ray       ||    17
  Use: Scroll            ||     6
       Potion            ||     5
  Eat: Chunk             ||     2
       Ration            ||     1
Armor: Skin              ||    15
Dodge: Dodged            ||    35
